Map: Acid Plant LE

Players

Classic

  • Race: Protoss Protoss
  • Spawn Location: 11:00

Dark - Winner!

  • Race: Zerg Zerg
  • Spawn Location: 5:00

Event: WESG 2017 Haikou

VOD

Have the link to the VOD?

Description

Time

  • Played on: March 17, 2018, 5:16 a.m.
  • Length: 15:47

All games in this series

Show
View Real Time Build Order
Export as new Build Order

Classic Protoss 

Build Orders: 1 Gate Expand, Oracle Opening, Phoenix Opening, Archon Immortal, Zealot Archon, Archon Drop 

Get SALT Encoding   

  12  0:00  Probe  
  13  0:12  Probe  
  14  0:18  Pylon  
  14  0:24  Probe  
  15  0:36  Probe (Chrono Boost)  
  15  0:38  Gateway  
  16  0:45  Probe (Chrono Boost)  
  16  0:47  Assimilator  
  17  0:50  Probe (Chrono Boost)  
  18  1:02  Probe  
  19  1:15  Probe  
  20  1:25  Nexus  
  20  1:28  Probe  
  21  1:37  Cybernetics Core  
  21  1:42  Probe  
  21  1:46  Assimilator  
  22  1:53  Pylon  
  22  1:56  Probe  
  23  2:11  Probe  
  23  2:12  Adept (Chrono Boost)  
  26  2:17  Stargate  
  26  2:23  Probe  
  26  2:26  Warp Gate  
  27  2:31  Adept  
  27  2:35  Probe (Chrono Boost)  
  30  2:37  Probe (Chrono Boost)  
  31  2:46  Probe (Chrono Boost)  
  31  2:47  Probe (Chrono Boost)  
  31  2:51  Probe (Chrono Boost)  
  33  2:52  Probe (Chrono Boost)  
  35  3:00  Phoenix (Chrono Boost)  
  35  3:04  Probe x2  
  39  3:09  Pylon  
  39  3:16  Probe x2  
  41  3:21  Oracle (Chrono Boost)  
  41  3:22  Gateway  
  44  3:28  Probe x2  
  44  3:29  Assimilator  
  44  3:32  Assimilator  
  46  3:40  Probe x2  
  48  3:46  Robotics Facility  
  48  3:52  Probe x2  
  48  3:54  Twilight Council  
  50  3:58  Pylon  
  50  4:04  Probe x2  
  52  4:13  Gateway x2  
  52  4:16  Probe  
  52  4:17  Probe  
  54  4:19  Pylon  
  54  4:34  Zealot x2  
  54  4:36  Charge  
  54  4:37  Templar Archives  
  58  4:38  Warp Prism (Chrono Boost)  
  60  4:53  Pylon  
  60  4:58  Nexus  
  60  5:01  Probe  
  60  5:02  Probe  
  62  5:12  Observer  
  62  5:13  Probe  
  64  5:14  Probe  
  64  5:15  Pylon, Shield Battery  
  65  5:25  Forge, Probe  
  65  5:26  Probe  
  67  5:30  High Templar x4  
  67  5:33  Forge  
  75  5:43  Immortal (Chrono Boost)  
  75  5:44  Probe x2  
  75  5:47  Pylon  
  81  5:55  Assimilator  
  81  5:56  Archon  
  81  5:57  Archon  
  81  5:59  Probe  
  81  6:00  Probe, Assimilator  
  83  6:06  Gateway  
  83  6:07  Zealot x3  
  83  6:11  Zealot, Probe  
  88  6:15  Protoss Ground Weapons Level 1 (Chrono Boost)  
  89  6:18  Immortal (Chrono Boost)  
  89  6:24  Probe x3  
  96  6:34  High Templar x2  
  96  6:36  Probe x3  
  96  6:37  Photon Cannon  
  96  6:38  Pylon  
  103  6:40  Pylon  
  103  6:47  Gateway x2  
  103  6:54  Sentry  
  103  6:58  Archon  
  103  7:00  Zealot  
  105  7:03  Immortal (Chrono Boost), Probe x2  
  105  7:14  Probe  
  107  7:15  Probe x2  
  107  7:18  Gateway x2  
  107  7:20  Photon Cannon  
  107  7:21  Pylon  
  107  7:22  Pylon  
  108  7:24  High Templar x2  
  108  7:25  High Templar x2  
  116  7:32  Immortal (Chrono Boost)  
  116  7:37  Psionic Storm  
  120  7:38  Pylon  
  120  7:39  Pylon  
  120  7:41  Pylon  
  120  7:44  Pylon  
  120  7:47  Protoss Ground Weapons Level 2 (Chrono Boost)  
  120  7:59  Gateway  
  120  8:01  Gateway  
  120  8:02  Immortal (Chrono Boost)  
  120  8:03  Pylon  
  124  8:20  Photon Cannon  
  124  8:21  Pylon  
  124  8:24  Pylon  
  124  8:29  High Templar  
  124  8:30  High Templar  
  128  8:35  Archon  
  128  8:36  Zealot x4  
  128  8:37  Immortal (Chrono Boost)  
  140  8:42  Probe x2  
  140  8:44  Nexus  
  140  8:47  Pylon  
  142  8:52  Photon Cannon  
  142  9:03  Fleet Beacon  
  142  9:05  Stargate  
  142  9:06  Stargate  
  142  9:07  Probe x3  
  145  9:10  Assimilator  
  145  9:14  Assimilator  
  145  9:18  Photon Cannon  
  145  9:20  Photon Cannon  
  145  9:22  Photon Cannon  
  145  9:23  Probe x3  
  148  9:26  Protoss Air Weapons Level 1  
  148  9:29  High Templar x2  
  152  9:31  Photon Cannon  
  152  9:34  Archon  
  152  9:42  Photon Cannon  
  152  9:44  Pylon  
  152  9:53  Photon Cannon  
  152  9:59  Zealot x3  
  158  10:00  Zealot x5  
  158  10:04  Mothership (Chrono Boost)  
  176  10:12  Protoss Ground Weapons Level 3 (Chrono Boost)  
  176  10:24  Zealot  
  176  10:27  Stalker x5  
  188  10:30  Zealot x3  
  188  10:35  Stalker  
  184  10:38  Probe x3  
  178  10:55  Stalker x2  
  176  11:12  Zealot  
  176  11:13  Zealot x4  
  176  11:19  Probe x3  
  176  11:24  Photon Cannon  
  169  11:32  Probe x3  
  174  11:40  Carrier (Chrono Boost)  
  174  11:42  Carrier (Chrono Boost)  
  174  11:48  Probe x3  
  174  11:49  Carrier (Chrono Boost)  
  174  11:51  Probe  
  184  12:00  Warp Prism (Chrono Boost), Probe x3  
  187  12:03  Probe  
  187  12:08  Protoss Air Weapons Level 2  
  190  12:15  High Templar x2  
  192  12:21  Archon  
  186  12:25  Zealot x5  
  186  12:26  Zealot  
  170  12:34  Probe x4  
  157  12:46  Probe x4  
  161  12:52  High Templar x2  
  161  12:53  High Templar x2  
  169  12:59  Graviton Catapult  
  169  13:01  Probe x3 (Chrono Boost)  
  172  13:09  Probe (Chrono Boost)  
  172  13:12  Probe x2 (Chrono Boost)  
  175  13:13  High Templar  
  175  13:18  High Templar  
  178  13:24  Probe x2  
  180  13:29  Pylon  
  180  13:30  Pylon  
  180  13:35  Pylon  
  180  13:43  Probe  
  180  13:46  Pylon  
  180  13:47  Probe, Pylon  
  177  13:59  Probe  
  177  14:00  Probe x3  
  146  14:12  High Templar x4  
  146  14:21  Zealot  
  104  14:53  High Templar x2  
  104  14:54  High Templar x4  
  104  14:55  Zealot x2  
  104  15:17  Archon x2  
  62  15:33  Archon  
Show
View Real Time Build Order
Export as new Build Order

Dark Zerg - Winner!

Build Orders: Hatch First 

Get SALT Encoding   

  12  0:00  Drone  
  13  0:12  Overlord  
  13  0:17  Drone  
  14  0:31  Drone x2  
  14  0:35  Drone  
  17  0:50  Hatchery  
  17  0:54  Drone  
  17  0:58  Drone  
  18  1:07  Extractor  
  17  1:13  Spawning Pool  
  17  1:14  Drone  
  17  1:19  Drone  
  18  1:29  Drone  
  19  1:39  Drone  
  20  1:50  Overlord  
  20  2:00  Zergling x2  
  21  2:02  Queen x2  
  21  2:03  Drone  
  26  2:11  Metabolic Boost  
  26  2:14  Drone x2  
  28  2:21  Drone  
  29  2:26  Drone  
  30  2:35  Hatchery  
  29  2:42  Queen  
  31  2:45  Drone  
  31  2:49  Overlord  
  33  2:51  Drone  
  33  2:54  Drone  
  33  2:55  Drone  
  35  3:00  Drone  
  36  3:09  Drone x2  
  38  3:15  Drone  
  38  3:16  Drone x5  
  43  3:25  Spore Crawler, Queen  
  44  3:29  Overlord  
  44  3:32  Overlord  
  44  3:44  Evolution Chamber  
  44  3:45  Spore Crawler  
  42  3:49  Drone x2  
  42  3:51  Drone x3  
  42  3:52  Drone x3  
  42  3:54  Drone  
  51  3:58  Overlord  
  51  4:00  Drone x2  
  53  4:10  Drone x2, Spore Crawler  
  53  4:11  Zerg Melee Weapons Level 1  
  54  4:17  Drone  
  54  4:18  Drone x3  
  54  4:19  Drone  
  54  4:20  Drone  
  54  4:21  Drone  
  61  4:24  Drone x2  
  61  4:25  Drone  
  61  4:26  Drone  
  61  4:29  Drone  
  66  4:34  Baneling Nest  
  66  4:35  Overlord  
  66  4:38  Overlord  
  65  4:44  Extractor  
  64  4:45  Extractor, Queen  
  64  4:46  Extractor  
  64  4:51  Drone, Overlord  
  64  4:52  Drone  
  65  4:55  Drone x3  
  65  4:58  Hatchery  
  65  4:59  Zergling x4  
  69  5:05  Lair  
  69  5:08  Spine Crawler  
  69  5:09  Zergling x8  
  72  5:14  Queen  
  72  5:17  Zergling x8  
  72  5:20  Zergling x2  
  72  5:21  Zergling x4  
  81  5:24  Drone x2  
  83  5:37  Drone x2  
  83  5:38  Drone x2  
  87  5:43  Queen  
  87  5:48  Overlord  
  87  5:49  Drone  
  89  5:54  Overlord x2  
  89  5:55  Extractor, Hatchery  
  87  5:58  Spine Crawler  
  87  6:01  Overlord  
  86  6:05  Zergling x8  
  86  6:08  Zergling x2  
  86  6:09  Zergling x4  
  91  6:19  Zergling x4  
  91  6:25  Hydralisk Den, Zergling x2  
  90  6:26  Zergling x14  
  90  6:28  Baneling x2  
  90  6:29  Baneling x4  
  97  6:34  Zerg Melee Weapons Level 2  
  97  6:35  Centrifical Hooks  
  97  6:36  Drone x2  
  97  6:37  Drone x4  
  103  6:43  Drone x3  
  103  6:44  Drone  
  102  7:02  Hydralisk x3  
  102  7:04  Hydralisk x3  
  102  7:05  Hydralisk x4  
  119  7:09  Drone, Grooved Spines  
  119  7:10  Drone x5  
  119  7:12  Spore Crawler  
  119  7:13  Drone  
  124  7:21  Drone x4  
  128  7:24  Hydralisk x2  
  128  7:27  Hydralisk  
  134  7:34  Overlord x2  
  134  7:37  Infestation Pit  
  134  7:38  Evolution Chamber  
  134  7:41  Overseer  
  132  7:44  Drone x2  
  132  7:46  Extractor  
  132  7:49  Baneling x4  
  133  7:51  Overlord x2  
  133  7:53  Drone x3  
  133  7:54  Drone  
  133  7:55  Drone  
  133  7:56  Drone  
  133  7:57  Hatchery  
  137  8:00  Hydralisk x6  
  149  8:08  Spine Crawler  
  147  8:15  Zerg Ground Armor Level 1  
  147  8:19  Zergling x8  
  151  8:20  Zergling x8  
  151  8:21  Muscular Augments, Overlord  
  153  8:28  Zergling x4  
  153  8:29  Zergling x2  
  153  8:30  Zergling x10  
  153  8:31  Zergling x8  
  165  8:35  Hive  
  165  8:40  Zergling x14  
  172  8:42  Baneling x7  
  172  8:43  Baneling x4  
  172  8:47  Drone x2  
  174  8:48  Overlord x3  
  174  8:52  Baneling x2  
  174  8:55  Overlord x2  
  174  9:01  Pneumatized Carapace  
  174  9:06  Baneling x6  
  174  9:07  Baneling x4  
  174  9:12  Drone x2  
  174  9:13  Spore Crawler  
  174  9:14  Zergling x12  
  174  9:15  Zergling x14  
  187  9:25  Zergling x16  
  194  9:33  Zergling x4  
  196  9:39  Zergling x4  
  196  9:40  Baneling x5  
  196  9:43  Overseer  
  198  9:47  Spire  
  198  9:48  Adrenal Glands  
  198  9:51  Spine Crawler  
  196  9:53  Baneling x7  
  196  9:54  Baneling  
  196  10:00  Zerg Melee Weapons Level 3  
  196  10:03  Drone x2  
  196  10:04  Extractor  
  196  10:05  Drone x2  
  196  10:06  Extractor  
  198  10:07  Baneling x2  
  198  10:19  Baneling x6  
  198  10:20  Baneling x3  
  194  10:28  Zergling x2  
  194  10:29  Zergling x4  
  194  10:33  Zergling x2  
  194  10:34  Zergling x2  
  193  10:38  Zergling x2  
  193  10:39  Zergling x20  
  199  10:44  Zergling x2  
  199  10:48  Zergling x12  
  198  10:54  Zergling x8  
  198  10:56  Zergling x4  
  196  10:57  Zerg Ground Armor Level 2  
  196  10:58  Zergling x2  
  196  10:59  Zergling x6  
  196  11:01  Zergling x2  
  196  11:04  Overlord x2  
  196  11:09  Overlord  
  184  11:12  Zergling x2  
  184  11:15  Zergling x20  
  186  11:19  Zergling x2  
  186  11:21  Zergling x6  
  186  11:22  Overlord x4  
  186  11:23  Zergling x2  
  186  11:24  Zergling x2  
  189  11:26  Greater Spire  
  188  11:33  Zergling x4  
  188  11:34  Zergling x24  
  188  11:36  Baneling  
  188  11:37  Baneling x8  
  188  11:38  Zergling x4  
  200  11:41  Hatchery  
  200  11:42  Zergling x2  
  200  11:48  Spire  
  200  11:52  Baneling x7  
  199  11:59  Baneling x5  
  199  12:00  Zergling x2  
  199  12:01  Overseer  
  197  12:08  Baneling x3  
  197  12:10  Zergling x4  
  189  12:27  Hydralisk x2  
  189  12:28  Hydralisk x4  
  189  12:29  Zergling x22  
  181  12:38  Zergling x2  
  181  12:39  Zergling x8  
  181  12:40  Zergling x4  
  181  12:42  Zergling x12  
  192  12:44  Zerg Flyer Weapons Level 1  
  192  12:47  Zergling x14  
  192  12:48  Baneling  
  192  12:49  Baneling x8  
  199  12:51  Zergling x2  
  199  12:52  Overseer x2  
  199  12:53  Baneling  
  199  12:54  Baneling x12  
  200  13:05  Zerg Missile Weapons Level 1  
  200  13:07  Baneling x2  
  200  13:19  Baneling x2  
  200  13:21  Zerg Flyer Armor Level 1  
  200  13:23  Spore Crawler  
  200  13:24  Baneling x4, Spore Crawler x2  
  200  13:25  Spore Crawler  
  200  13:26  Spore Crawler  
  195  13:28  Drone  
  195  13:29  Drone x4  
  195  13:31  Baneling x2  
  200  13:37  Extractor  
  200  13:39  Baneling x3  
  199  13:46  Burrow  
  192  13:50  Corruptor x3  
  192  13:52  Drone  
  191  14:05  Corruptor x3  
  191  14:08  Zergling x16  
  181  14:13  Corruptor x6  
  188  14:22  Hatchery  
  186  14:26  Zergling x4  
  186  14:27  Zergling x2  
  183  14:33  Corruptor  
  183  14:35  Brood Lord x3  
  183  14:36  Corruptor x2  
  183  14:37  Baneling x2  
  183  14:38  Baneling x8  
  190  14:43  Corruptor x3  
  192  14:59  Zergling x14  
  200  15:00  Overlord  
  200  15:03  Overseer x2  
  200  15:04  Corruptor  
  200  15:05  Corruptor  
  168  15:29  Zergling x12  
Tags
 
Add a new tag
Caveats
  • Supply blocks, unpowered buildings, or Contaminate may cause inaccurate times.
  • Supply counts are checked every 10 seconds.